 Dungeon Crawl Stone Soup version 0.29.1-13-g9f3cf754e1 (webtiles) character file.

Game seed: 4527534740162547275

116600 theswoord the Gelid (level 16, 0/163 HPs)
             Began as a Naga Ice Elementalist on Feb 1, 2023.
             Was the Champion of Cheibriados.
             Slain by a large abomination (18 damage)
             ... on level 3 of the Abyss.
             The game lasted 01:24:13 (23291 turns).

theswoord the Gelid (Naga Ice Elementalist)        Turns: 23291, Time: 01:24:14

Health: 0/163      AC: 23    Str: 25 (26) XL:     16   Next: 71%
Magic:  30/34      EV:  7    Int: 40      God:    Cheibriados [******]
Gold:   2981       SH:  0    Dex: 26 (27) Spells: 29/44 levels left

rFire   + + .      SeeInvis +   q - +11 short sword of Imbalance {flame, Int+2}
rCold   + + +      Faith    .   (no shield)
rNeg    . . .      Spirit   .   S - +5 scale mail of Daat {+Blink rC+}
rPois   +          Reflect  .   Q - +2 helmet {SInv}
rElec   .          Harm     .   r - scarf {rC+ rF+}
rCorr   .          Rampage  .   (no gloves)
Will    ++...                   x - +3 barding of the Thunderstorm {Slay+4}
Stlth   ++........              p - amulet of regeneration
HPRegen 1.17/turn               B - ring of protection from fire
MPRegen 0.24/turn               w - ring of protection from cold

@: about to teleport, very slow
A: AC +5, large, see invisible, deformed body, poison resistance, slowness 2,
spit poison 1, naga tail 2, deterioration 1, subdued magic 1
a: Spit Poison, Renounce Religion, Evoke Blink, Bend Time, Temporal Distortion,
Slouch, Step From Time


You were on level 3 of the Abyss.
You worshipped Cheibriados.
Cheibriados was exalted by your worship.
You visited 4 branches of the dungeon, and saw 22 of its levels.
You visited the Abyss 1 time.
You also visited: Bailey, Gauntlet and Ice Cave.

You collected 3157 gold pieces.
You spent 176 gold pieces at shops.

Inventory:

Hand Weapons
 q - the +11 short sword of Imbalance (weapon) {flame, Int+2}
   (You found it on level 5 of the Dungeon)

   It burns those it strikes, dealing additional fire damage.
   Int:       It affects your intelligence (+2).
Armour
 f - a +2 cloak
 i - a +0 cloak
 r - a scarf of resistance (worn)
 x - the +3 barding of the Thunderstorm (worn) {Slay+4}
   (You acquired it on level 7 of the Dungeon)

   Slay:      It affects your accuracy & damage with ranged weapons and melee
   (+4).
 O - a +0 troll leather armour
 Q - a +2 helmet of see invisible (worn)
 S - the +5 scale mail of Daat (worn) {+Blink rC+}
   (You found it in a Gauntlet)

   rC:        It protects you from cold.
   +Blink:    It lets you blink.
Magical Staves
 d - a staff of cold
Jewellery
 p - an amulet of regeneration (around neck)
 u - a ring of willpower
 w - a ring of protection from cold (right hand)
 B - a ring of protection from fire (left hand)
 R - the ring of Wissaw Uhisa {Wiz Int+3}
   (You found it in a Gauntlet)

   [ring of wizardry]

   It improves your spell success rate.
   Int:       It affects your intelligence (+3).
 T - the amulet "Ajizathu" {RegenMP Int+7}
   (You found it in a Gauntlet)

   [amulet of magic regeneration]

   It increases your rate of magic regeneration.
   Int:       It affects your intelligence (+7).
Wands
 m - a wand of light (4)
 y - a wand of digging (6)
 U - a wand of iceblast (13)
 V - a wand of charming (5)
Scrolls
 e - 3 scrolls of fog
 j - 12 scrolls of teleportation
 k - a scroll of torment
 l - 4 scrolls of enchant armour
 s - 2 scrolls of magic mapping
 t - 2 scrolls of amnesia
 v - a scroll of blinking
 A - 5 scrolls of identify
 D - 4 scrolls of vulnerability
 I - 2 scrolls of enchant weapon
 J - 2 scrolls of brand weapon
 K - 2 scrolls of summoning
 P - 2 scrolls of immolation
 W - 2 scrolls of silence
 X - 2 scrolls of fear
Potions
 a - 3 potions of curing
 b - 7 potions of magic
 c - 2 potions of berserk rage
 g - 5 potions of flight
 h - a potion of cancellation {unknown}
 n - 4 potions of might
 o - 4 potions of attraction
 z - 5 potions of lignification
 C - a potion of invisibility {unknown}
 G - 9 potions of resistance
 H - 3 potions of mutation
 L - 2 potions of brilliance
 M - a potion of ambrosia


   Skills:
 + Level 15.2 Fighting
 - Level 1.5 Dodging
 - Level 3.0 Stealth
 + Level 14.7 Spellcasting
 + Level 7.2 Conjurations
 + Level 16.2 Ice Magic
 - Level 11.7 Invocations


You had 29 spell levels left.
You knew the following spells:

 Your Spells              Type           Power      Damage    Failure   Level
a - Freeze                Ice            100%       1d11      0%          1
b - Frozen Ramparts       Ice            100%       1d16      0%          3
c - Ozocubu's Armour      Ice            89%        N/A       0%          3
d - Hailstorm             Conj/Ice       76%        3d16      1%          4
e - Fulminant Prism       Conj/Hex       22%        3d13      4%          4

Your spell library contained the following spells:

 Spells                   Type           Power      Damage    Failure   Level
 Apportation              Tloc           44%        N/A       1%          1
 Magic Dart               Conj           100%       1d8       1%          1
 Necrotise                Necr           88%        1d8       1%          1
 Summon Small Mammal      Summ           88%        N/A       1%          1
 Searing Ray              Conj           100%       2d8       1%          2
 Mephitic Cloud           Conj/Pois/Air  37%        N/A       2%          3
 Call Imp                 Summ           22%        N/A       3%          2
 Poisonous Vapours        Pois/Air       44%        N/A       3%          2
 Sublimation of Blood     Necr           22%        N/A       3%          2
 Tukima's Dance           Hex            22%        N/A       6%          3
 Vampiric Draining        Necr           22%        2d7       6%          3
 Irradiate                Conj/Tmut      22%        3d19      14%         5
 Passage of Golubria      Tloc           22%        N/A       22%         4
 Petrify                  Tmut/Erth      22%        N/A       22%         4
 Yara's Violent Unravell  Hex/Tmut       11%        3d6       54%         5
 Death Channel            Necr           11%        N/A       98%         6
 Infestation              Necr           11%        N/A       100%        8


Dungeon Overview and Level Annotations

Branches:
Dungeon (14/15)            Temple (1/1) D:5            Lair (5/5) D:8
  Swamp (0/4) Lair:2       Spider (0/4) Lair:2        Slime (0/5) Lair:4
    Orc (2/2) D:12            Elf (0/3) Orc:2        Vaults (0/5) D:13
 Bailey (visited)           IceCv (visited)         Gauntlet (visited)

Altars:
Ashenzari
Cheibriados
Dithmenos
Elyvilon
Fedhas
Gozag
Hepliaklqana
Kikubaaqudgha
Makhleb
Nemelex Xobeh
Okawaru
Qazlal
Ru
Sif Muna
Trog
Uskayaw
Vehumet
Wu Jian
Xom
Yredelemnul
Zin
The Shining One
Lugonu

Shops:
D:5 (   D:10 (   Orc:1 (   Orc:2 **=(

Portals:
Abyss: Lair:5
Pandemonium: Orc:2


Innate Abilities, Weirdness & Mutations

Your serpentine skin is tough. (AC +5)
You have supernaturally acute eyesight. (SInv)
Armour fits poorly on your strangely shaped body.
Your system is resistant to poisons. (rPois)
You cover ground very slowly.
You can spit poison.
You can use your snake-like lower body to constrict enemies.
Your body sometimes deteriorates upon taking damage.
Your spells are a little easier to cast, but a little less powerful.


Message History

Confirm with . or Enter, or press ? or * to list all spells.
A film of ice covers your body!
The thrashing horror tramples you but does no damage. x2
The large abomination hits you!!
* * * LOW HITPOINT WARNING * * *
Your body deteriorates!
You feel clumsy.
There are monsters nearby!
Okay, then.
Okay, then.
You feel better.
The thrashing horror tramples you but does no damage. x2
The sun demon hits you but does no damage.
The large abomination hits you!
* * * LOW HITPOINT WARNING * * *
Unknown command.
You completely miss the sun demon. Your grab misses the sun demon.
The sun demon is severely wounded.
The thrashing horror tramples you but does no damage. x2
The sun demon hits you!
* * * LOW HITPOINT WARNING * * *
You are engulfed in flames.
You resist.
* * * LOW HITPOINT WARNING * * *
The large abomination closely misses you.
The sun demon hits you.
* * * LOW HITPOINT WARNING * * *
You are engulfed in flames.
You resist.
* * * LOW HITPOINT WARNING * * *
The heat melts your icy armour.
You feel better.
The thrashing horror tramples you but does no damage. x2
The large abomination hits you!
* * * LOW HITPOINT WARNING * * *
The sun demon hits you.
* * * LOW HITPOINT WARNING * * *
You are engulfed in flames.
Your icy armour melts away.
You resist.
* * * LOW HITPOINT WARNING * * *
The large abomination hits you!!
You die...

.......## ..
.......# .. ..#
#......###.#
#..# .........#.
....##..........
..#..........#..
................
.......3........
........@.......
.......X........
..#..#.X........
###.........#.
##..........
##.........
#.........
........_.


You could see a sun demon, a thrashing horror and a large abomination.

Vanquished Creatures
  A tentacled starspawn (Abyss:3)
  Frances (D:13)
  A reaper (IceCv)
  A minotaur (Gauntlet)
  Josephine (D:10)
  The ghost of Zaegoraum the Carver, a journeyman DsAK of Lugonu (Lair:4)
  An ice dragon (D:13)
  4 vault guards (D:13)
  Fannar (D:10)
  A catoblepas (Lair:4)
  3 demonspawn (Orc:2)
  4 boulder beetles
  5 two-headed ogres
  6 centaur warriors
  8 hydras
  2 death yaks (Lair:4)
  Erica (D:10)
  A deep troll earth mage (D:13)
  A dancing weapon (Lair:4)
  3 tengu warriors
  7 orc high priests
  2 thrashing horrors
  Nergalle (D:10)
  Sonja (Lair:4)
  A death drake (Gauntlet)
  Lodul (D:13)
  A deep troll (Lair:1)
  A glowing orange brain (shapeshifter) (Lair:5)
  2 large abominations (Lair:5)
  10 orc knights
  A necromancer (Gauntlet)
  2 lindwurms
  Pikel (D:4)
  A wolf spider zombie (Gauntlet)
  3 deep elf pyromancers
  An oklob plant (Lair:3)
  10 orc sorcerers
  3 manticores (D:13)
  8 ugly things
  5 cyclopes
  2 spectral centaurs (Gauntlet)
  5 elephants (Lair:5)
  3 black mambas
  A centaur zombie (Gauntlet)
  A water nymph (shapeshifter) (D:14)
  A rust devil (Orc:2)
  3 torpor snails
  12 cane toads
  3 smoke demons (Lair:5)
  2 ice statues (IceCv)
  A gargoyle (D:13)
  3 unseen horrors
  3 rime drakes
  3 kobold demonologists
  A yaktaur (D:13)
  4 komodo dragons
  4 tengu conjurers
  2 ancient zymes (Lair:5)
  An efreet (D:13)
  A hellwing (Orc:2)
  6 ice devils (IceCv)
  2 red devils (Orc:2)
  4 trolls
  A polar bear (Lair:5)
  3 slime creatures
  A tarantella (shapeshifter) (D:13)
  33 blink frogs
  11 dream sheep
  A jumping spider (Lair:2)
  Sigmund (D:2)
  A dire elephant simulacrum (IceCv)
  5 wraiths
  A culicivora (shapeshifter) (Lair:5)
  4 vampires
  5 wyverns
  2 shadows
  4 basilisks
  38 yaks
  7 small abominations (Lair:5)
  3 redbacks (Lair:2)
  A redback (shapeshifter) (Lair:5)
  A death yak simulacrum (IceCv)
  5 vampire mosquitoes
  4 wargs
  2 chaos spawn (Lair:5)
  2 acid dragons
  2 hydra simulacra (IceCv)
  9 water moccasins
  47 orc warriors
  3 black bears (D:4)
  A swamp drake (D:12)
  3 ice beasts
  A sky beast (D:7)
  5 wolves (Gauntlet)
  18 ogres
  9 centaurs
  A lemure (D:4)
  A phantom (D:5)
  12 bullfrogs
  3 kobold brigands
  2 necrophages
  2 cane toad simulacra (IceCv)
  4 scorpions
  8 wights
  An elephant simulacrum (IceCv)
  6 killer bees (D:9)
  7 howler monkeys
  5 hounds
  7 jellies
  45 orc priests
  A gnoll bouda (D:7)
  Ijyb (D:4)
  4 iguanas
  Natasha (thrice) (D:2)
  20 orc wizards
  A polar bear simulacrum (IceCv)
  4 spriggan simulacra (IceCv)
  2 wolf simulacra (IceCv)
  A mummy (D:8)
  10 gnolls
  A naga simulacrum (IceCv)
  8 adders
  A shadow imp (D:5)
  5 white imps
  4 ufetubi
  2 worms
  A dart slug (D:1)
  136 orcs
  5 ball pythons
  6 bats
  4 endoplasms
  A giant cockroach (D:1)
  11 goblins
  13 hobgoblins
  4 jackals (D:2)
  29 kobolds
  4 quokkas
  A frilled lizard (D:2)
  A hobgoblin zombie (D:8)
  A kobold zombie (D:8)
  2 orc zombies (D:8)
  2 rats (D:1)
  2 starspawn tentacles (Abyss:3)
806 creatures vanquished.

Vanquished Creatures (collateral kills)
  An ophan (Abyss:3)
  A boulder beetle (D:13)
  2 catoblepae
  A large abomination (Abyss:3)
  A slime creature (Lair:4)
  2 elephants (Lair:5)
  A gargoyle (D:13)
  2 rime drakes (Lair:4)
  2 dream sheep (Lair:4)
  4 blink frogs (Lair:4)
  5 yaks
  A wraith (D:13)
  A water moccasin (Lair:4)
24 creatures vanquished.

Vanquished Creatures (others)
  A fulminant prism (D:13)
  55 fungi
  47 plants
  5 starspawn tentacles (Abyss:3)
108 creatures vanquished.

Grand Total: 938 creatures vanquished

Notes
Turn   | Place    | Note
-------+----------+-------------------------------------------
     0 | D:1      | theswoord the Naga Ice Elementalist began the quest for the
                  | Orb.
     0 | D:1      | Reached XP level 1. HP: 15/15 MP: 3/3
   490 | D:1      | Reached XP level 2. HP: 12/22 MP: 3/5
   778 | D:1      | Found a faded altar of an unknown god.
  1120 | D:2      | Noticed Natasha
  1127 | D:2      | Killed Natasha
  1128 | D:2      | Reached XP level 3. HP: 12/28 MP: 1/7
  1511 | D:2      | Noticed Natasha
  1519 | D:2      | Killed Natasha
  1520 | D:2      | Reached XP level 4. HP: 3/36 MP: 5/8
  1604 | D:2      | Noticed Natasha
  1635 | D:2      | Killed Natasha
  1636 | D:2      | Reached skill level 5 in Ice Magic
  1776 | D:2      | Noticed Sigmund
  1783 | D:2      | Killed Sigmund
  1784 | D:2      | Reached XP level 5. HP: 36/42 MP: 5/11
  1784 | D:2      | Reached XP level 6. HP: 42/49 MP: 5/12
  2585 | D:3      | Learned a level 3 spell: Frozen Ramparts
  2589 | D:3      | Learned a level 3 spell: Ozocubu's Armour
  2610 | D:3      | Got the Omnibus of Rank Gloom
  2793 | D:3      | Reached skill level 6 in Ice Magic
  3241 | D:4      | Noticed Pikel
  3247 | D:4      | Noticed a black bear
  3257 | D:4      | Killed Pikel
  3258 | D:4      | Reached skill level 5 in Spellcasting
  3258 | D:4      | Reached XP level 7. HP: 62/62 MP: 5/14
  3259 | D:4      | Reached XP level 8. HP: 69/69 MP: 5/16
  3265 | D:4      | Reached skill level 7 in Ice Magic
  3578 | D:4      | Learned a level 4 spell: Hailstorm
  3717 | D:4      | Reached skill level 1 in Conjurations
  3756 | D:4      | Noticed Ijyb
  3772 | D:4      | Killed Ijyb
  4097 | D:4      | Found a sacrificial altar of Ru.
  4208 | D:5      | Entered Level 5 of the Dungeon
  4277 | D:5      | Identified the +11 short sword of Imbalance {flame, Int+2}
  4460 | D:5      | Found Qonuestip's Weapon Emporium.
  4804 | D:5      | Found a staircase to the Ecumenical Temple.
  4985 | Temple   | Entered the Ecumenical Temple
  5074 | Temple   | Became a worshipper of Cheibriados the Contemplative
  5294 | D:5      | Reached XP level 9. HP: 77/79 MP: 16/18
  5358 | D:5      | Found a shimmering blue altar of Sif Muna.
  5660 | D:6      | Reached skill level 5 in Fighting
  5687 | D:6      | Reached skill level 8 in Ice Magic
  5772 | D:6      | Reached * piety under Cheibriados
  6528 | D:7      | Found a flagged portal.
  6544 | Bailey   | Entered a bailey
  6603 | Bailey   | Reached ** piety under Cheibriados
  6754 | Bailey   | Noticed an orc knight
  6767 | Bailey   | Killed an orc knight
  6768 | Bailey   | Reached skill level 5 in Conjurations
  6768 | Bailey   | Reached XP level 10. HP: 35/92 MP: 4/21
  6931 | D:7      | Identified a scroll of acquirement
  6931 | D:7      | Acquired the +3 barding of the Thunderstorm {Slay+4}
  6958 | D:7      | Reached skill level 9 in Ice Magic
  7075 | D:7      | Found a hide-covered altar of Uskayaw.
  7137 | D:7      | Reached *** piety under Cheibriados
  7690 | D:8      | Reached skill level 1 in Invocations
  7918 | D:8      | Noticed a two-headed ogre
  7926 | D:8      | Killed a two-headed ogre
  8014 | D:8      | Found a blossoming altar of Fedhas.
  8316 | D:8      | Noticed a two-headed ogre
  8330 | D:8      | Killed a two-headed ogre
  8338 | D:8      | Reached **** piety under Cheibriados
  8441 | D:8      | Found a staircase to the Lair.
  8708 | Lair:1   | Entered Level 1 of the Lair of Beasts
  8862 | Lair:1   | Reached XP level 11. HP: 98/102 MP: 20/23
  8971 | Lair:1   | Reached skill level 10 in Ice Magic
  9163 | Lair:1   | Noticed a deep troll
  9167 | Lair:1   | Killed a deep troll
  9273 | Lair:1   | Found an ornate altar of the Wu Jian Council.
  9536 | Lair:2   | Found a staircase to the Swamp.
  9567 | Lair:2   | Reached skill level 5 in Invocations
  9579 | Lair:2   | Found a hole to the Spider Nest.
  9804 | Lair:2   | Reached ***** piety under Cheibriados
 10765 | Lair:3   | Noticed a lindwurm
 10779 | Lair:3   | Killed a lindwurm
 10850 | Lair:3   | Noticed an oklob plant
 10865 | Lair:3   | Killed an oklob plant
 11105 | Lair:3   | Reached skill level 11 in Ice Magic
 11105 | Lair:3   | Reached XP level 12. HP: 114/114 MP: 25/25
 11448 | Lair:4   | Found a staircase to the Slime Pits.
 11463 | Lair:4   | Reached skill level 10 in Spellcasting
 11587 | Lair:4   | Found a runed translucent door.
 11587 | Lair:4   | Found a shimmering altar of Xom.
 11587 | Lair:4   | Noticed Zaegoraum's ghost (journeyman DsAK)
 11587 | Lair:4   | Identified the +5 broad axe of Grace {chaos, Str+4}
 11615 | Lair:4   | Noticed a six-headed hydra
 11620 | Lair:4   | Killed a six-headed hydra
 11636 | Lair:4   | Killed Zaegoraum's ghost
 11637 | Lair:4   | Reached skill level 10 in Fighting
 11731 | Lair:4   | Noticed a six-headed hydra
 11738 | Lair:4   | Killed a six-headed hydra
 11917 | Lair:4   | Noticed an eight-headed hydra
 11922 | Lair:4   | Killed an eight-headed hydra
 11922 | Lair:4   | Noticed Sonja
 11923 | Lair:4   | Killed Sonja
 11924 | Lair:4   | Reached skill level 12 in Ice Magic
 11930 | Lair:4   | Gained mutation: You can use your snake-like lower body to
                  | constrict enemies. [Naga growth]
 11930 | Lair:4   | Reached XP level 13. HP: 94/124 MP: 18/27
 11957 | Lair:4   | Reached ****** piety under Cheibriados
 12877 | Lair:5   | Entered Level 5 of the Lair of Beasts
 12975 | Lair:5   | Found a gate leading to a gauntlet.
 13001 | Gauntlet | Entered a Gauntlet
 13001 | Gauntlet | Found a transporter.
 13001 | Gauntlet | Found a transporter.
 13001 | Gauntlet | Found a transporter.
 13028 | Gauntlet | Found a transporter.
 13028 | Gauntlet | Found a transporter.
 13039 | Gauntlet | Found a transporter.
 13041 | Gauntlet | Found a transporter.
 13048 | Gauntlet | Found a transporter.
 13064 | Gauntlet | Noticed a quicksilver ooze
 13065 | Gauntlet | Found a transporter.
 13070 | Gauntlet | Found a transporter.
 13073 | Gauntlet | Found a transporter.
 13083 | Gauntlet | Found a transporter.
 13232 | Gauntlet | Reached skill level 10 in Invocations
 13280 | Gauntlet | Identified the ring of Wissaw Uhisa {Wiz Int+3}
 13292 | Gauntlet | Reached skill level 13 in Ice Magic
 13300 | Gauntlet | Identified the +5 scale mail of Daat {+Blink rC+}
 13314 | Gauntlet | Identified the amulet "Ajizathu" {RegenMP Int+7}
 13358 | Gauntlet | Noticed a minotaur
 13366 | Gauntlet | Killed a minotaur
 13501 | Lair:5   | Reached XP level 14. HP: 110/136 MP: 29/29
 13809 | Lair:5   | Identified the +7 rapier "Naga's Curse" {vamp, Contam rElec
                  | rF+++ rCorr}
 14854 | Lair:5   | Found a corrupted altar of Lugonu.
 14854 | Lair:5   | Found a one-way gate to the infinite horrors of the Abyss.
 16279 | D:10     | Entered Level 10 of the Dungeon
 16324 | D:10     | Noticed Josephine
 16332 | D:10     | Killed Josephine
 16333 | D:10     | Reached skill level 14 in Ice Magic
 16491 | D:10     | Found Texevvam's Antique Weapon Boutique.
 16495 | D:10     | Bought a crystal short sword for 176 gold pieces
 16495 | D:10     | Identified the +2 short sword "Yckexuh" {vorpal, Will+}
                  | (You bought it in a shop on level 10 of the Dungeon)
 16622 | D:10     | Noticed Fannar
 16629 | D:10     | Killed Fannar
 16683 | D:10     | Noticed Nergalle
 16693 | D:10     | Killed Nergalle
 16748 | D:10     | Noticed Erica
 16754 | D:10     | Killed Erica
 16857 | D:10     | Found a hazy altar of Hepliaklqana.
 17269 | D:11     | Reached XP level 15. HP: 145/146 MP: 31/31
 17352 | D:11     | You fall into a shaft and drop 3 floors!
 17792 | D:12     | Found a staircase to the Orcish Mines.
 18558 | Orc:1    | Entered Level 1 of the Orcish Mines
 18582 | Orc:1    | Found Hozaosel's Antique Weapon Shoppe.
 18601 | Orc:1    | Found a frozen archway.
 18609 | IceCv    | Entered an ice cave
 19886 | Orc:2    | Entered Level 2 of the Orcish Mines
 19891 | Orc:2    | Reached skill level 15 in Ice Magic
 20177 | Orc:2    | Found a staircase to the Elven Halls.
 20663 | Orc:2    | Found Cilyam's General Store.
 20702 | Orc:2    | Found Pinameoh's General Store.
 20938 | Orc:2    | HP: 6/151 [demonspawn (8)]
 21263 | Orc:2    | Reached XP level 16. HP: 157/160 MP: 32/34
 21290 | Orc:2    | Found Esoceiwi's Jewellery Shop.
 21290 | Orc:2    | Found Ahugroph's Antique Weapon Boutique.
 21291 | Orc:2    | Found a one-way gate leading to the halls of Pandemonium.
 21612 | D:13     | Learned a level 4 spell: Fulminant Prism
 22020 | D:13     | Noticed Lodul
 22029 | D:13     | Killed Lodul
 22347 | D:13     | Reached skill level 16 in Ice Magic
 22368 | D:13     | Found a gate to the Vaults.
 22382 | D:13     | Reached skill level 15 in Fighting
 22552 | D:13     | Noticed Frances
 22561 | D:13     | Killed Frances
 23131 | Abyss:3  | Cast into level 3 of the Abyss (a wizard)
 23269 | Abyss:3  | Noticed a tentacled starspawn
 23276 | Abyss:3  | Gained mutation: Your spells are a little easier to cast,
                  | but a little less powerful. [a neqoxec]
 23277 | Abyss:3  | Killed a tentacled starspawn
 23278 | Abyss:3  | Gained mutation: Your body sometimes deteriorates upon
                  | taking damage. [a neqoxec]
 23281 | Abyss:3  | Found a corrupted altar of Lugonu.
 23291 | Abyss:3  | Slain by a large abomination

Skill      XL: |  1  2  3  4  5  6  7  8  9 10 11 12 13 14 15 16 |
---------------+-------------------------------------------------+-----
Spellcasting   | 3 4 5 6 7 8 9 10 11 12 14 | 14.7
Ice Magic      | 5 6 7 8 9 11 12 13 14 15 16 | 16.2
Fighting       | 3 4 6 7 9 10 11 13 14 15 | 15.2
Conjurations   | 2 5 7 |  7.2
Invocations    | 3 6 8 10 11 | 11.7
Dodging        | |  1.5
Stealth        | |  3.0

Action                   |  1- 3 |  4- 6 |  7- 9 | 10-12 | 13-15 | 16-18 || total
-------------------------+-------+-------+-------+-------+-------+-------++-------
Melee: Unarmed           |    16 |       |       |       |       |       ||    16
       Halberd           |       |    49 |    56 |       |       |       ||   105
       Short sword       |       |       |   146 |   250 |   815 |   196 ||  1407
       Punch             |       |       |     2 |     3 |    12 |       ||    17
       Constrict         |       |       |       |       |   215 |    48 ||   263
 Fire: Sling             |    53 |     2 |       |       |       |       ||    55
 Cast: Freeze            |    14 |    13 |     6 |    15 |     3 |       ||    51
       Frozen Ramparts   |       |     4 |    10 |    28 |    73 |    16 ||   131
       Ozocubu's Armour  |       |     1 |     6 |    14 |    53 |    14 ||    88
       Hailstorm         |       |       |     3 |     5 |    15 |     2 ||    25
       Fulminant Prism   |       |       |       |       |       |     1 ||     1
Invok: Slouch            |       |       |       |     1 |    10 |     1 ||    12
       Step From Time    |       |       |       |       |     1 |       ||     1
       Bend Time         |       |       |       |       |     1 |       ||     1
 Abil: Spit Poison       |     4 |     4 |     4 |    11 |    10 |     3 ||    36
Evoke: Wand              |       |       |       |     2 |       |       ||     2
  Use: Scroll            |     1 |     5 |     6 |    11 |     9 |     4 ||    36
       Potion            |       |     4 |     2 |     5 |     3 |     4 ||    18
 Stab: Sleeping          |     1 |     4 |    12 |     4 |     3 |     1 ||    25
       Distracted        |       |       |     1 |       |     2 |       ||     3
       Petrified         |       |       |       |       |     1 |       ||     1
Armor: Robe              |    20 |    28 |   114 |    96 |       |       ||   258
       Skin              |       |     7 |     4 |       |       |       ||    11
       Troll leather arm |       |       |       |   133 |   140 |       ||   273
       Scale mail        |       |       |       |       |   893 |   298 ||  1191
Dodge: Dodged            |    31 |    32 |   117 |   131 |   455 |   119 ||   885
Block: Other             |       |    18 |    13 |       |       |       ||    31
       Reflection        |       |       |     2 |       |       |       ||     2

Levels and vault maps discovered:
D:1:      spicycebolla_green_bress_n_ham, layout_loops_ring,
          shapermc_ecumenical_altar_mp_highgroup
D:2:      layout_basic, lemuel_flame_loot_1, uniq_natasha, uniq_sigmund
D:3:      layout_basic
D:4:      layout_cave_pools, nicolae_ru_awakened_eye, uniq_pikel, uniq_ijyb
D:5:      corexii_shantytown, layout_basic, mainiacjoe_overflow_alcove_2,
          temple_hall, serial_shops, nicolae_shop_bloodbath_and_beyond,
          fountainhead
D:6:      kennysheep_six_static_rooms, layout_loops_ring,
          chequers_serial_rivers_large_a
D:7:      layout_loops_ring, eat_drink_and_be_merry_uskayaw, serial_glass,
          glass_columns_a, glass_columns_b, enter_bailey_1
D:8:      layout_gridville, amcnicky_altar_gilded, lair_entry_dummy,
          st_stairs_14, minmay_mini_ossuary
D:9:      layout_gridville
D:10:     layout_irregular_city, mainiacjoe_overflow_six_doors_small,
          serial_shops, shop, uniq_josephine, uniq_fannar, uniq_erica,
          uniq_nergalle
D:11:     layout_stronghold, cheibriados_altar_1
D:12:     nicolae_cairo_tiling_very_big, layout_rooms, erik_orc_1,
          serial_rivers, chequers_serial_rivers_small_b,
          chequers_serial_rivers_small_a, chequers_serial_rivers_micro_e,
          chequers_serial_rivers_micro_e, chequers_serial_rivers_small_b
D:13:     evilmike_diamond_2, layout_cave_pools,
          lightli_vaults_fourway_checkpoint, uniq_frances, uniq_lodul
D:14:     layout_cave_pods, minmay_misc_feat_cross, special_room
          [special_room_orc], minmay_increasing_density
Temple:   minmay_crystal_spiral_temple
Lair:1:   dreamdust_cave_troll, layout_chaotic_city, basic_altar,
          infiniplex_staircase_pool_2
Lair:2:   layout_cave_pods, swamp_mist, spider_nest_entry_a
Lair:3:   minmay_lair_oklob_chamber, layout_regular_city, minivault_27,
          grunt_megastairs_1
Lair:4:   nzn_winding_woodlands_stair_trap [nzn_winding_woodlands_5x15_parted,
          nzn_winding_woodlands_5x15_lazy_stream,
          nzn_winding_woodlands_5x15_split_checker,
          nzn_winding_woodlands_15x15_thick_spiral,
          nzn_winding_woodlands_5x15_pockets,
          nzn_winding_woodlands_5x15_concentric,
          nzn_winding_woodlands_5x15_longhouse], layout_regular_city,
          minmay_slime_entry_pillars, ebering_ghost_xom, serial_bayou_pond_c,
          amcnicky_mini_pool_medium, uniq_sonja
Lair:5:   hellmonk_lair_end_abyssal_woods, layout_regular_city,
          gauntlet_entry_generic, columned_hall_lemuel
Orc:1:    layout_caves, portal_ice_cave_entry_pillars_2, serial_shops, shop,
          minmay_orc_temple_c
Orc:2:    pf_orc_diabolical, layout_caves, basic_altar, david_defended_altar_orc
Abyss:3:  base: Lair:5, evilmike_abyss_exit_chaos, hangedman_decor_points,
          hangedman_abyss_or_decor_slice, nicolae_abyss_rune_left_handed
